 Dungeon Crawl Stone Soup version 0.14-a0-2888-g61d0ccb (webtiles) character file.

100 Froboctopus the Shooter (level 3, -1/28 HPs)
             Began as a Centaur Hunter on Mar 1, 2014.
             Killed from afar by Natasha (9 damage)
             ... with a magic dart
             ... on Level 3 of the Dungeon.
             The game lasted 00:03:08 (1585 turns).

Froboctopus the Shooter (Centaur Hunter)            Turns: 1585, Time: 00:03:08

HP  -1/28        AC 12     Str 14      XL: 3   Next: 37%
MP   3/3         EV  7     Int 10      God:
Gold 57          SH  0     Dex 10      Spells:  0 memorised,  2 levels left

rFire  . . .     SeeInvis .     b - +1 bow
rCold  . . .     Clarity  .     d - +0 leather armour
rNeg   + . .     Conserve .     (no shield)
rPois  .         rCorr    .     (no helmet)
rElec  .         rRot     .     t - +0 elf cloak
SustAb . .       Spirit   .     e - +0 pair of gloves
rMut   .         Warding  .     v - +2 centaur barding
Saprov . . .     Stasis   .     (no amulet)
MR     .....                    o - ring of positive energy {unknown}
                                j - ring of flight

@: slowed, not resistant to hostile enchantments, unstealthy
A: hooves 3, deformed body, herbivore 1, speed 2, fast metabolism 1, tough skin
3
a: Evoke Flight


You were on level 3 of the Dungeon.
You were near starving.

You visited 1 branch of the dungeon, and saw 3 of its levels.

You collected 57 gold pieces.

Inventory:

Hand weapons
 a - a +0,+0 hand axe
 b - a +1,+1 bow (weapon)
Missiles
 c - 18 arrows (quivered)
 i - 3 poisoned arrows
Armour
 d - a +0 leather armour (worn)
 e - a +0 pair of gloves (worn)
 t - a +0 elven cloak (worn)
 v - a +2 centaur barding (worn)
Comestibles
 f - 2 bread rations
 k - 8 strawberries
Scrolls
 g - a scroll of fear {unknown}
 h - 3 scrolls of noise {unknown}
 l - 2 scrolls of identify {unknown}
 n - a scroll of teleportation {unknown}
 p - a scroll of enchant weapon II {unknown}
 u - 2 scrolls of fog {unknown}
Jewellery
 j - a ring of flight (left hand)
 o - a ring of positive energy (right hand) {unknown}
Potions
 m - 3 potions of curing {unknown}
 q - a potion of speed {unknown}
 r - a potion of degeneration {unknown}


   Skills:
 - Level 1.0 Fighting
 + Level 1.2 Axes
 * Level 6.5 Bows
 - Level 1.3 Dodging
 - Level 0.5 Stealth


You had 2 spell levels left.
You didn't know any spells.

Dungeon Overview and Level Annotations

Branches:
Dungeon (3/16)

Altars:
Dithmenos

Annotations:
D:3 Natasha


Innate Abilities, Weirdness & Mutations

You have hooves in place of feet.
Armour fits poorly on your strangely shaped body.
You digest meat inefficiently.
You cover ground very quickly.
You have a fast metabolism.
You have extremely tough skin (AC +3).


Message History

You hit Natasha. You kick Natasha.
Natasha is heavily wounded.
Natasha stares at you and mumbles some strange words.
You feel yourself slow down.
You hit Natasha but do no damage.
Natasha is heavily wounded.
Natasha stares at you and mumbles some strange words.
The magic dart hits you! Natasha claws you!
You barely miss Natasha. Your kick misses Natasha.
Natasha is heavily wounded.
Natasha claws you but does no damage. Natasha claws you!
You hit Natasha but do no damage. Your kick misses Natasha.
Natasha is heavily wounded.
Natasha claws you but does no damage. Natasha claws you.
* * * LOW HITPOINT WARNING * * *
Wield which item (- for none, * to show all)? (? for menu, Esc to quit)
b - a +1,+1 bow (weapon)
Natasha casts a spell at you. The magic dart hits you!
You die...

## .# .##### .....#
### ..... ... ... #
#.# ##h# #.# #.# ##@#
#.# #.# ##.#...# ..#.#
#.###.#........
....#.##.##.#.........
.....#.#.#.#......#.#.
......#.#.#.......# #
........#.#..........
.........#.........#
.##......#.........


You could see Natasha.

Vanquished Creatures
  A giant mite (D:2)
  An ooze (D:1)
  7 hobgoblins
  6 jackals (D:2)
  2 kobolds (D:1)
  2 quokkas (D:2)
  2 bats
  2 giant newts
  5 goblins (D:1)
  3 rats
31 creatures vanquished.

Notes
Turn   | Place    | Note
--------------------------------------------------------------
     0 | D:1      | Froboctopus, the Centaur Hunter, began the quest for the Orb.
     0 | D:1      | Reached XP level 1. HP: 16/16 MP: 1/1
   257 | D:1      | Reached XP level 2. HP: 12/23 MP: 2/2
   583 | D:1      | Reached skill level 1 in Axes
   609 | D:1      | Reached skill level 6 in Bows
   802 | D:2      | Found a shadowy altar of Dithmenos.
   821 | D:2      | Reached XP level 3. HP: 25/28 MP: 3/3
  1577 | D:3      | Noticed Natasha
  1585 | D:3      | Killed from afar by Natasha

Action                   || total
-------------------------++-------
Melee: Hand axe          ||    85
 Fire: Bow               ||    16
